Boston Bruins vs Minnesota North Stars
Created - Wednesday, November 13, 2024 at 07:52
Goals
|
| Boston Bruins |
2 |
1 |
1 |
0 |
2 |
5 |
| Minnesota North Stars |
4 |
0 |
0 |
0 |
1 |
4 |
|
Shots
|
| Boston Bruins |
10 |
11 |
7 |
0 |
3 |
28 |
| Minnesota North Stars |
15 |
4 |
15 |
0 |
3 |
34 |
|
1st period
1. Minnesota North Stars , Jack Hughes 21 (Viktor Arvidsson 12, William Eklund 12) at 5:03
2. Minnesota North Stars , Evgeni Malkin 23 (Valeri Nichushkin 33, Frank Vatrano 29) at 5:13
3. Minnesota North Stars , Evgeni Malkin 24 (Valeri Nichushkin 34) at 8:51
4. Boston Bruins , Anders Lee 17 (Joel Farabee 38, Cam York 19) at 10:28
5. Minnesota North Stars , Evgeni Malkin 25 (Justin Faulk 31, Valeri Nichushkin 35) at 10:53
6. Boston Bruins , Joel Farabee 25 (Alex Vlasic 19) at 15:11
Penalties :
Ryan Strome (BOS) for Tripping (Minor) at 0:44, Ryan Strome (BOS) for Interference (Minor) at 12:48, Vincent Trocheck (BOS) for Tripping (Minor) at 15:39
2nd period
7. Boston Bruins , Vincent Trocheck 23 (Jonathan Marchessault 28, Andrew Copp 24) at 11:47
Penalties :
Connor Clifton (BOS) for Cross-checking (Minor) at 1:18, William Eklund (MNS) for Interference (Minor) at 4:06, Connor Clifton (BOS) for Interference (Minor) at 15:13
3rd period
8. Boston Bruins , Ryan Strome 26 (Cam York 20, Alex Newhook 43) at 5:31
Penalties :
No Penalty
Overtime #1
No Goal
Penalties :
No Penalty
Shootout
Boston Bruins, Vincent Trocheck - Goal!
Minnesota North Stars, Valeri Nichushkin - Goal!
Boston Bruins, Jonathan Marchessault - Goal!
Minnesota North Stars, Evgeni Malkin - Stopped by Jacob Markstrom
Boston Bruins, Alex Newhook - Shot Misses the Net
Minnesota North Stars, William Karlsson - Stopped by Jacob Markstrom
Penalties :
No Penalty
Goalie Stats
Jacob Markstrom (BOS), 30 saves from 34 shots - (0.882), W, 22-19-1, 65:00 minutes
Stuart Skinner (MNS), 24 saves from 28 shots - (0.857), OTL, 13-19-3, 65:00 minutes
Players Stats for Boston Bruins
Player Name G A P +/- PIM S H SB GA TA FO MP PP MP PK MP
------------------------------------------------------------------------------------
Alex Newhook 0 1 1 -2 0 5 3 1 1 0 10/16 22:03 0:54 4:56
Alex Vlasic 0 1 1 1 0 1 0 3 0 1 0/0 13:25 0:00 0:00
Anders Lee 1 0 1 2 0 1 0 0 0 0 0/0 13:20 0:00 0:00
Andrew Copp 0 1 1 0 0 0 1 1 0 0 0/1 20:14 1:05 4:43
Cam York 0 2 2 2 0 1 0 0 0 1 0/0 27:09 1:15 4:49
Connor Clifton 0 0 0 -3 4 0 1 1 1 0 0/0 23:05 0:44 3:16
Eetu Luostarinen 0 0 0 2 0 0 0 0 0 1 3/13 14:46 0:00 1:08
Evander Kane 0 0 0 -2 0 1 0 0 1 0 0/1 15:07 0:54 0:00
Joel Farabee 1 1 2 2 0 2 1 0 0 0 0/0 13:35 0:00 0:00
John-Jason Peterka 0 0 0 0 0 0 0 0 0 0 0/0 7:50 0:00 0:00
Jonathan Marchessault 0 1 1 0 0 2 3 0 0 1 0/1 20:15 1:05 4:30
Michael Rasmussen 0 0 0 0 0 2 0 1 2 0 0/0 9:54 0:00 0:58
Morgan Geekie 0 0 0 0 0 1 1 0 0 0 4/8 7:50 0:00 0:00
Ryan Lindgren 0 0 0 -3 0 2 2 2 0 0 0/0 24:26 0:44 5:06
Ryan Strome 1 0 1 -2 4 4 1 0 0 0 1/2 15:22 0:54 0:00
Torey Krug 0 0 0 2 0 1 1 1 0 1 0/0 27:08 1:15 4:54
Tyson Barrie 0 0 0 1 0 0 0 0 0 0 0/0 15:16 0:00 1:45
Vincent Trocheck 1 0 1 0 2 5 2 0 1 0 9/16 19:15 1:05 3:35
Players Stats for Minnesota North Stars
Player Name G A P +/- PIM S H SB GA TA FO MP PP MP PK MP
------------------------------------------------------------------------------------
Brock Nelson 0 0 0 1 0 2 1 0 0 0 0/0 16:57 5:02 0:00
Dylan DeMelo 0 0 0 -1 0 0 1 0 0 0 0/0 16:43 0:03 0:00
Evan Rodrigues 0 0 0 -1 0 0 1 0 0 1 0/4 9:11 0:00 0:00
Evgeni Malkin 3 0 3 3 0 8 0 0 0 1 12/19 17:50 5:02 0:00
Frank Vatrano 0 1 1 3 0 1 3 0 0 0 1/1 17:40 4:53 0:00
Gustav Forsling 0 0 0 -1 0 0 0 3 0 1 0/0 23:19 5:03 0:50
Jack Hughes 1 0 1 1 0 5 0 0 2 0 8/14 18:52 4:53 0:00
Justin Faulk 0 1 1 2 0 1 2 2 0 1 0/0 24:58 4:49 1:09
Lawson Crouse 0 0 0 1 0 1 3 0 0 1 0/1 14:53 0:00 0:58
Matt Roy 0 0 0 -1 0 2 2 1 0 0 0/0 16:43 0:03 0:00
Neal Pionk 0 0 0 -1 0 0 4 0 1 0 0/0 23:19 5:03 0:50
Rasmus Dahlin 0 0 0 2 0 1 1 1 0 0 0/0 24:58 4:49 1:09
Ryan Nugent-Hopkins 0 0 0 -3 0 4 0 0 0 0 1/1 16:20 0:00 1:01
Valeri Nichushkin 0 3 3 3 0 8 1 0 1 0 0/2 18:56 5:02 1:01
Viktor Arvidsson 0 1 1 -1 0 0 1 0 0 0 0/0 9:11 0:00 0:00
William Eklund 0 1 1 -1 2 1 1 1 0 0 2/3 15:47 4:53 0:00
William Karlsson 0 0 0 -3 0 0 0 0 0 1 7/13 16:54 0:00 0:58
Yegor Sharangovich 0 0 0 -3 0 0 0 1 1 0 0/0 15:29 0:00 0:00
3 Stars
1 - Evgeni Malkin (MNS)
2 - Valeri Nichushkin (MNS)
3 - Joel Farabee (BOS)
Power Play
Boston Bruins - 0 on 1 Attempt(s) - 0.00%
Minnesota North Stars - 0 on 5 Attempt(s) - 0.00%
Penalty Kill
Boston Bruins - 5 on 5 Attempt(s) - 100.00%
- Score 0 goal in Penalty Kill
Minnesota North Stars - 1 on 1 Attempt(s) - 100.00%
- Score 0 goal in Penalty Kill
Team Stat
Boston Bruins - Hits : 16 - Faceoff Wins : 27 - Blocked Shots : 10 - Penalty Minutes : 10
Minnesota North Stars - Hits : 21 - Faceoff Wins : 31 - Blocked Shots : 9 - Penalty Minutes : 2
Official
Referees : Brandon Schrader and Frederick L'Ecuyer
Linesman : Travis Gawryletz and Kiel Murchison
Game Notes
Evgeni Malkin has scored a Hat Trick!
Finance
Level 1 -- Attendance: 4942 (82.37%) -- Ticket Income $494,200
Level 2 -- Attendance: 4068 (81.36%) -- Ticket Income $244,080
Level 3 -- Attendance: 2160 (72.00%) -- Ticket Income $75,600
Level 4 -- Attendance: 3617 (72.34%) -- Ticket Income $90,425
Luxury Box -- Attendance: 699 (69.90%) -- Ticket Income $139,800
Game was played at the Met Center.
Total Attendance: 15486 (77.43%)
Total Ticket Income: $1,044,105
Other Income: $365,437
Total Income: $1,409,542
Boston Bruins
5 vs 5 Forward
Center Left Wing Right Wing Time % Phy DF OF
1 Vincent Trocheck Jonathan Marchessault Andrew Copp 30 1 2 2
2 Alex Newhook Evander Kane Ryan Strome 30 1 2 2
3 Eetu Luostarinen Anders Lee Joel Farabee 25 1 2 2
4 Morgan Geekie Michael Rasmussen John-Jason Peterka 15 1 2 2
5 vs 5 Defense
Defense Defense Time % Phy DF OF
1 Torey Krug Cam York 30 1 2 2
2 Ryan Lindgren Connor Clifton 30 1 2 2
3 Alex Vlasic Tyson Barrie 25 1 2 2
4 Torey Krug Cam York 15 1 2 2
PowerPlay Forward
Center Left Wing Right Wing Time % Phy DF OF
1 Vincent Trocheck Jonathan Marchessault Andrew Copp 50 1 2 2
2 Alex Newhook Evander Kane Ryan Strome 50 1 2 2
PowerPlay Defense
Defense Defense Time % Phy DF OF
1 Torey Krug Cam York 50 1 2 2
2 Ryan Lindgren Connor Clifton 50 1 2 2
Penalty Kill 4 Players Forward
Center Wing Time % Phy DF OF
1 Vincent Trocheck Jonathan Marchessault 50 1 2 2
2 Alex Newhook Andrew Copp 50 1 2 2
Penalty Kill 4 Players Defense
Defense Defense Time % Phy DF OF
1 Torey Krug Cam York 50 1 2 2
2 Ryan Lindgren Connor Clifton 50 1 2 2
Penalty Kill - 3 Players Forward
Forward Time % Phy DF OF
1 Vincent Trocheck 50 1 2 2
2 Jonathan Marchessault 50 1 2 2
Penalty Kill - 3 Players Defense
Defense Defense Time % Phy DF OF
1 Torey Krug Cam York 50 1 2 2
2 Ryan Lindgren Connor Clifton 50 1 2 2
4 vs 4 Forward
Center Wing Time % Phy DF OF
1 Vincent Trocheck Jonathan Marchessault 50 1 2 2
2 Alex Newhook Andrew Copp 50 1 2 2
4 vs 4 Defense
Defense Defense Time % Phy DF OF
1 Torey Krug Cam York 50 1 2 2
2 Ryan Lindgren Connor Clifton 50 1 2 2
Last Minutes Offensive
Center Left Wing Right Wing Defense Defense
Vincent Trocheck Jonathan Marchessault Andrew Copp Torey Krug Cam York
Last Minutes Defensive
Center Left Wing Right Wing Defense Defense
Vincent Trocheck Jonathan Marchessault Andrew Copp Torey Krug Cam York
Goaltenders
Starting : Jacob Markstrom
Backup : Pyotr Kochetkov
Extra Forwards
Normal : Joel Farabee, Anders Lee, Eetu Luostarinen - PP : Joel Farabee, Anders Lee - PK : Eetu Luostarinen
Extra Defensemen
Normal : Alex Vlasic, Tyson Barrie, Ryan Lindgren - PP : Alex Vlasic - PK : Tyson Barrie, Ryan Lindgren
Penalty Shots
Vincent Trocheck, Jonathan Marchessault, Alex Newhook, Andrew Copp, Ryan Strome
Scratches
Anthony Beauvillier (Healthy), Drew O'Connor (Healthy), Beck Malenstyn (Healthy), John Ludvig (Healthy), Angus Crookshank (Healthy)
Minnesota North Stars
5 vs 5 Forward
Center Left Wing Right Wing Time % Phy DF OF
1 Evgeni Malkin Valeri Nichushkin Frank Vatrano 28 0 0 5
2 Jack Hughes Brock Nelson Lawson Crouse 28 0 0 5
3 William Karlsson Ryan Nugent-Hopkins Yegor Sharangovich 28 0 1 4
4 Evan Rodrigues William Eklund Viktor Arvidsson 16 0 1 4
5 vs 5 Defense
Defense Defense Time % Phy DF OF
1 Rasmus Dahlin Justin Faulk 34 0 4 1
2 Neal Pionk Gustav Forsling 33 0 4 1
3 Dylan DeMelo Matt Roy 33 0 4 1
4 Rasmus Dahlin Justin Faulk 0 1 2 2
PowerPlay Forward
Center Left Wing Right Wing Time % Phy DF OF
1 Jack Hughes William Eklund Frank Vatrano 50 0 0 5
2 Evgeni Malkin Brock Nelson Valeri Nichushkin 50 0 0 5
PowerPlay Defense
Defense Defense Time % Phy DF OF
1 Rasmus Dahlin Justin Faulk 50 0 1 4
2 Neal Pionk Gustav Forsling 50 0 1 4
Penalty Kill 4 Players Forward
Center Wing Time % Phy DF OF
1 William Karlsson Lawson Crouse 50 1 3 1
2 Ryan Nugent-Hopkins Valeri Nichushkin 50 1 3 1
Penalty Kill 4 Players Defense
Defense Defense Time % Phy DF OF
1 Rasmus Dahlin Justin Faulk 50 1 4 0
2 Neal Pionk Gustav Forsling 50 1 4 0
Penalty Kill - 3 Players Forward
Forward Time % Phy DF OF
1 William Karlsson 50 1 3 1
2 Ryan Nugent-Hopkins 50 1 3 1
Penalty Kill - 3 Players Defense
Defense Defense Time % Phy DF OF
1 Rasmus Dahlin Justin Faulk 50 1 4 0
2 Neal Pionk Gustav Forsling 50 1 4 0
4 vs 4 Forward
Center Wing Time % Phy DF OF
1 Jack Hughes Lawson Crouse 50 0 1 4
2 William Karlsson William Eklund 50 0 1 4
4 vs 4 Defense
Defense Defense Time % Phy DF OF
1 Rasmus Dahlin Justin Faulk 50 0 2 3
2 Neal Pionk Gustav Forsling 50 0 2 3
Last Minutes Offensive
Center Left Wing Right Wing Defense Defense
Jack Hughes Valeri Nichushkin Frank Vatrano Rasmus Dahlin Justin Faulk
Last Minutes Defensive
Center Left Wing Right Wing Defense Defense
William Karlsson Valeri Nichushkin Frank Vatrano Gustav Forsling Neal Pionk
Goaltenders
Starting : Stuart Skinner
Backup : Charlie Lindgren
Extra Forwards
Normal : William Eklund, Ryan Nugent-Hopkins, Yegor Sharangovich - PP : William Eklund, Ryan Nugent-Hopkins - PK : Yegor Sharangovich
Extra Defensemen
Normal : Dylan DeMelo, Matt Roy, Neal Pionk - PP : Dylan DeMelo - PK : Matt Roy, Neal Pionk
Penalty Shots
Valeri Nichushkin, Evgeni Malkin, William Karlsson, Jack Hughes, Brock Nelson
Scratches
Jonas Brodin (Healthy), Eeli Tolvanen (Healthy), Roni Hirvonen (Healthy), Oskari Salminen (Healthy)
% Time on Ice - Boston Bruins
Lines # - Real PCT - Wanted PCT - Time Play
Normal Forward
1 - 28% - 30% - 13:28
2 - 30% - 30% - 14:21
3 - 26% - 25% - 12:27
4 - 16% - 15% - 7:50
Normal Defense
1 - 29% - 30% - 14:01
2 - 35% - 30% - 16:54
3 - 25% - 25% - 12:12
4 - 10% - 15% - 4:59
PP Forward
1 - 55% - 50% - 1:05
2 - 45% - 50% - 0:54
PP Defense
1 - 63% - 50% - 1:15
2 - 37% - 50% - 0:44
PK Forward
1 - 50% - 50% - 4:59
2 - 50% - 50% - 4:56
PK Defense
1 - 45% - 50% - 4:30
2 - 55% - 50% - 5:25
PK3 Forward
1 - 0% - 50%
2 - 0% - 50%
PK3 Defense
1 - 0% - 50%
2 - 0% - 50%
44 Forward
1 - 48% - 50% - 2:23
2 - 52% - 50% - 2:37
44 Defense
1 - 47% - 50% - 2:21
2 - 53% - 50% - 2:39
Last Minute Offensive - 0:00
Last Minute Defensive - 0:00
Total
Forward - 65:00
Defense - 65:00
|
% Time on Ice - Minnesota North Stars
Lines # - Real PCT - Wanted PCT - Time Play
Normal Forward
1 - 27% - 28% - 12:47
2 - 25% - 28% - 11:55
3 - 30% - 28% - 14:13
4 - 19% - 16% - 9:11
Normal Defense
1 - 36% - 34% - 17:21
2 - 32% - 33% - 15:21
3 - 32% - 33% - 15:24
4 - 0% - 0% - 0:00
PP Forward
1 - 49% - 50% - 4:53
2 - 51% - 50% - 5:02
PP Defense
1 - 49% - 50% - 4:52
2 - 51% - 50% - 5:03
PK Forward
1 - 49% - 50% - 0:58
2 - 51% - 50% - 1:01
PK Defense
1 - 58% - 50% - 1:09
2 - 42% - 50% - 0:50
PK3 Forward
1 - 0% - 50%
2 - 0% - 50%
PK3 Defense
1 - 0% - 50%
2 - 0% - 50%
44 Forward
1 - 51% - 50% - 2:34
2 - 49% - 50% - 2:26
44 Defense
1 - 46% - 50% - 2:17
2 - 54% - 50% - 2:43
Last Minute Offensive - 0:00
Last Minute Defensive - 0:00
Total
Forward - 65:00
Defense - 65:00
|
Play-by-Play
1st period
0:01 of 1st period - Vincent Trocheck wins face-off versus Evgeni Malkin in neutral zone.
0:04 of 1st period - Frank Vatrano is hit by Jonathan Marchessault and loses puck.
0:44 of 1st period - Minor Penalty to Ryan Strome for Tripping.
0:45 of 1st period - William Eklund wins face-off versus Jonathan Marchessault in Boston Bruins zone.
0:48 of 1st period - Slapshot by Frank Vatrano.
0:48 of 1st period - Stopped by Jacob Markstrom with a rebound.
2:44 of 1st period - Penalty to Ryan Strome is over, Ryan Strome is back on ice.
2:52 of 1st period - Off-side.
2:53 of 1st period - Eetu Luostarinen wins face-off versus William Karlsson in neutral zone.
3:20 of 1st period - Icing by Morgan Geekie.
3:21 of 1st period - Morgan Geekie wins face-off versus Evan Rodrigues in Boston Bruins zone.
3:23 of 1st period - Icing by Michael Rasmussen.
3:24 of 1st period - Jack Hughes wins face-off versus Morgan Geekie in Boston Bruins zone.
3:31 of 1st period - Slapshot by Brock Nelson.
3:31 of 1st period - Deflect By Lawson Crouse.
3:31 of 1st period - Stopped by Jacob Markstrom without a rebound.
3:32 of 1st period - Alex Newhook wins face-off versus Jack Hughes in Boston Bruins zone.
5:03 of 1st period - Slapshot by Jack Hughes.
5:03 of 1st period - Goal by Jack Hughes - Boston Bruins : 0 - Minnesota North Stars : 1.
5:04 of 1st period - Ryan Strome wins face-off versus Valeri Nichushkin in neutral zone.
5:13 of 1st period - Snap shot by Evgeni Malkin.
5:13 of 1st period - Goal by Evgeni Malkin - Boston Bruins : 0 - Minnesota North Stars : 2.
5:14 of 1st period - William Karlsson wins face-off versus Vincent Trocheck in neutral zone.
5:17 of 1st period - Snap shot by Ryan Nugent-Hopkins.
5:17 of 1st period - Shot Misses the Net.
5:23 of 1st period - Wrist shot by William Karlsson.
5:23 of 1st period - Deflect By Ryan Nugent-Hopkins.
5:23 of 1st period - Stopped by Jacob Markstrom with a rebound.
5:31 of 1st period - Snap shot by Vincent Trocheck.
5:31 of 1st period - Shot Blocked by Matt Roy.
5:41 of 1st period - Eetu Luostarinen is hit by Valeri Nichushkin and loses puck.
6:13 of 1st period - Wrist shot by Jack Hughes.
6:13 of 1st period - Stopped by Jacob Markstrom with a rebound.
6:19 of 1st period - Wrist shot by Alex Newhook.
6:19 of 1st period - Stopped by Stuart Skinner with a rebound.
7:20 of 1st period - Wrist shot by Alex Newhook.
7:20 of 1st period - Stopped by Stuart Skinner without a rebound.
7:21 of 1st period - Evgeni Malkin wins face-off versus Alex Newhook in Minnesota North Stars zone.
7:21 of 1st period - Evgeni Malkin is hit by Ryan Lindgren.
7:46 of 1st period - Matt Roy is hit by Vincent Trocheck and loses puck.
7:55 of 1st period - Snap shot by Vincent Trocheck.
7:55 of 1st period - Stopped by Stuart Skinner without a rebound.
7:56 of 1st period - William Karlsson wins face-off versus Eetu Luostarinen in Minnesota North Stars zone.
8:12 of 1st period - Wrist shot by Joel Farabee.
8:12 of 1st period - Stopped by Stuart Skinner without a rebound.
8:13 of 1st period - Jack Hughes wins face-off versus Alex Newhook in Minnesota North Stars zone.
8:40 of 1st period - Andrew Copp is hit by Frank Vatrano and loses puck.
8:49 of 1st period - Slapshot by Valeri Nichushkin.
8:49 of 1st period - Stopped by Jacob Markstrom with a rebound.
8:51 of 1st period - Snap shot by Evgeni Malkin.
8:51 of 1st period - Goal by Evgeni Malkin - Boston Bruins : 0 - Minnesota North Stars : 3.
8:52 of 1st period - William Karlsson wins face-off versus Eetu Luostarinen in neutral zone.
9:19 of 1st period - Viktor Arvidsson is hit by Ryan Strome.
10:18 of 1st period - Icing by Cam York.
10:19 of 1st period - Morgan Geekie wins face-off versus William Karlsson in Boston Bruins zone.
10:28 of 1st period - Slapshot by Anders Lee.
10:28 of 1st period - Goal by Anders Lee - Boston Bruins : 1 - Minnesota North Stars : 3.
10:29 of 1st period - Jack Hughes wins face-off versus Vincent Trocheck in neutral zone.
10:31 of 1st period - Off-side.
10:32 of 1st period - Jack Hughes wins face-off versus Vincent Trocheck in neutral zone.
10:43 of 1st period - Wrist shot by Brock Nelson.
10:43 of 1st period - Stopped by Jacob Markstrom with a rebound.
10:45 of 1st period - Slapshot by Dylan DeMelo.
10:45 of 1st period - Deflect By Lawson Crouse.
10:45 of 1st period - Shot Misses the Net.
10:45 of 1st period - Puck is out of play.
10:46 of 1st period - Evgeni Malkin wins face-off versus Alex Newhook in Boston Bruins zone.
10:51 of 1st period - Wrist shot by Valeri Nichushkin.
10:51 of 1st period - Stopped by Jacob Markstrom with a rebound.
10:53 of 1st period - Slapshot by Justin Faulk.
10:53 of 1st period - Deflect By Evgeni Malkin.
10:53 of 1st period - Goal by Evgeni Malkin - Boston Bruins : 1 - Minnesota North Stars : 4.
10:54 of 1st period - William Karlsson wins face-off versus Eetu Luostarinen in neutral zone.
11:06 of 1st period - Ryan Nugent-Hopkins is hit by Connor Clifton and loses puck.
11:35 of 1st period - Snap shot by Valeri Nichushkin.
11:35 of 1st period - Stopped by Jacob Markstrom without a rebound.
11:36 of 1st period - Alex Newhook wins face-off versus Evan Rodrigues in Boston Bruins zone.
12:01 of 1st period - Jonathan Marchessault is hit by Lawson Crouse and loses puck.
12:26 of 1st period - Slapshot by Morgan Geekie.
12:26 of 1st period - Stopped by Stuart Skinner without a rebound.
12:27 of 1st period - Alex Newhook wins face-off versus William Karlsson in Minnesota North Stars zone.
12:34 of 1st period - Wrist shot by Evander Kane.
12:34 of 1st period - Stopped by Stuart Skinner with a rebound.
12:36 of 1st period - Slapshot by Ryan Lindgren.
12:36 of 1st period - Stopped by Stuart Skinner without a rebound.
12:37 of 1st period - Evgeni Malkin wins face-off versus Evander Kane in Minnesota North Stars zone.
12:48 of 1st period - Minor Penalty to Ryan Strome for Interference.
12:49 of 1st period - Evgeni Malkin wins face-off versus Alex Newhook in Boston Bruins zone.
12:52 of 1st period - Snap shot by Evgeni Malkin.
12:52 of 1st period - Stopped by Jacob Markstrom with a rebound.
12:54 of 1st period - Wrist shot by Valeri Nichushkin.
12:54 of 1st period - Stopped by Jacob Markstrom with a rebound.
13:17 of 1st period - Off-side.
13:18 of 1st period - Alex Newhook wins face-off versus William Eklund in neutral zone.
14:14 of 1st period - Brock Nelson is hit by Jonathan Marchessault and loses puck.
14:48 of 1st period - Penalty to Ryan Strome is over, Ryan Strome is back on ice.
15:07 of 1st period - Snap shot by Joel Farabee.
15:07 of 1st period - Shot Blocked by Gustav Forsling.
15:09 of 1st period - Snap shot by Alex Vlasic.
15:09 of 1st period - Stopped by Stuart Skinner with a rebound.
15:11 of 1st period - Wrist shot by Joel Farabee.
15:11 of 1st period - Goal by Joel Farabee - Boston Bruins : 2 - Minnesota North Stars : 4.
15:12 of 1st period - Vincent Trocheck wins face-off versus Lawson Crouse in neutral zone.
15:39 of 1st period - Minor Penalty to Vincent Trocheck for Tripping.
15:40 of 1st period - Eetu Luostarinen wins face-off versus Jack Hughes in Boston Bruins zone.
17:39 of 1st period - Penalty to Vincent Trocheck is over, Vincent Trocheck is back on ice.
17:49 of 1st period - Snap shot by Ryan Nugent-Hopkins.
17:49 of 1st period - Deflect By Vincent Trocheck.
17:49 of 1st period - Stopped by Jacob Markstrom without a rebound.
17:50 of 1st period - William Karlsson wins face-off versus Eetu Luostarinen in Boston Bruins zone.
18:48 of 1st period - Off-side.
18:49 of 1st period - Alex Newhook wins face-off versus Evgeni Malkin in neutral zone.
19:14 of 1st period - Ryan Nugent-Hopkins is hit by Vincent Trocheck and loses puck.
Goals for this period are 2 for Boston Bruins vs 4 for Minnesota North Stars.
Shots for this period are 10 for Boston Bruins vs 15 for Minnesota North Stars.
2nd period
0:01 of 2nd period - Alex Newhook wins face-off versus Evgeni Malkin in neutral zone.
0:08 of 2nd period - Slapshot by Evander Kane.
0:08 of 2nd period - Shot Misses the Net.
0:13 of 2nd period - Icing by Valeri Nichushkin.
0:14 of 2nd period - Evgeni Malkin wins face-off versus Vincent Trocheck in Minnesota North Stars zone.
0:19 of 2nd period - Backhand shot by Rasmus Dahlin.
0:19 of 2nd period - Shot Blocked by Andrew Copp.
0:25 of 2nd period - Valeri Nichushkin is hit by Jonathan Marchessault and loses puck.
0:50 of 2nd period - Wrist shot by Lawson Crouse.
0:50 of 2nd period - Shot Blocked by Alex Newhook.
1:12 of 2nd period - Slapshot by Ryan Nugent-Hopkins.
1:12 of 2nd period - Shot Misses the Net.
1:18 of 2nd period - Minor Penalty to Connor Clifton for Cross-checking.
1:19 of 2nd period - Alex Newhook wins face-off versus Valeri Nichushkin in Boston Bruins zone.
1:26 of 2nd period - Snap shot by Andrew Copp.
1:26 of 2nd period - Shot Blocked by Gustav Forsling.
1:30 of 2nd period - Snap shot by Alex Newhook.
1:30 of 2nd period - Shot Misses the Net.
1:32 of 2nd period - Wrist shot by Alex Newhook.
1:32 of 2nd period - Shot Misses the Net.
1:34 of 2nd period - Snap shot by Torey Krug.
1:34 of 2nd period - Shot Blocked by Gustav Forsling.
1:44 of 2nd period - Jonathan Marchessault is hit by William Eklund and loses puck.
2:19 of 2nd period - Jack Hughes is hit by Alex Newhook and loses puck.
3:18 of 2nd period - Penalty to Connor Clifton is over, Connor Clifton is back on ice.
3:53 of 2nd period - Snap shot by Alex Newhook.
3:53 of 2nd period - Stopped by Stuart Skinner without a rebound.
3:54 of 2nd period - Alex Newhook wins face-off versus Evan Rodrigues in Minnesota North Stars zone.
4:06 of 2nd period - Minor Penalty to William Eklund for Interference.
4:07 of 2nd period - Vincent Trocheck wins face-off versus William Karlsson in Minnesota North Stars zone.
4:37 of 2nd period - Lawson Crouse is hit by Alex Newhook and loses puck.
6:06 of 2nd period - Penalty to William Eklund is over, William Eklund is back on ice.
6:37 of 2nd period - Backhand shot by Michael Rasmussen.
6:37 of 2nd period - Stopped by Stuart Skinner without a rebound.
6:38 of 2nd period - Morgan Geekie wins face-off versus Evgeni Malkin in Minnesota North Stars zone.
6:39 of 2nd period - Snap shot by Michael Rasmussen.
6:39 of 2nd period - Stopped by Stuart Skinner without a rebound.
6:40 of 2nd period - Eetu Luostarinen wins face-off versus Evgeni Malkin in Minnesota North Stars zone.
6:53 of 2nd period - Wrist shot by Valeri Nichushkin.
6:53 of 2nd period - Stopped by Jacob Markstrom without a rebound.
6:54 of 2nd period - Vincent Trocheck wins face-off versus Jack Hughes in Boston Bruins zone.
7:01 of 2nd period - Wrist shot by Vincent Trocheck.
7:01 of 2nd period - Stopped by Stuart Skinner with a rebound.
7:11 of 2nd period - Snap shot by Vincent Trocheck.
7:11 of 2nd period - Shot Misses the Net.
7:21 of 2nd period - Alex Newhook is hit by Neal Pionk and loses puck.
7:32 of 2nd period - Wrist shot by Valeri Nichushkin.
7:32 of 2nd period - Shot Blocked by Torey Krug.
7:54 of 2nd period - Slapshot by Eetu Luostarinen.
7:54 of 2nd period - Deflect By Ryan Nugent-Hopkins.
7:54 of 2nd period - Shot Misses the Net.
7:54 of 2nd period - Puck is out of play.
7:55 of 2nd period - Vincent Trocheck wins face-off versus Jack Hughes in Minnesota North Stars zone.
7:56 of 2nd period - Wrist shot by Jonathan Marchessault.
7:56 of 2nd period - Stopped by Stuart Skinner without a rebound.
7:57 of 2nd period - Jack Hughes wins face-off versus Andrew Copp in Minnesota North Stars zone.
8:32 of 2nd period - Snap shot by Frank Vatrano.
8:32 of 2nd period - Shot Blocked by Ryan Lindgren.
8:34 of 2nd period - Wrist shot by Valeri Nichushkin.
8:34 of 2nd period - Stopped by Jacob Markstrom without a rebound.
8:35 of 2nd period - Ryan Nugent-Hopkins wins face-off versus Vincent Trocheck in Boston Bruins zone.
10:07 of 2nd period - Snap shot by Vincent Trocheck.
10:07 of 2nd period - Stopped by Stuart Skinner without a rebound.
10:08 of 2nd period - William Karlsson wins face-off versus Vincent Trocheck in Minnesota North Stars zone.
10:19 of 2nd period - Alex Vlasic is hit by Neal Pionk and loses puck.
10:28 of 2nd period - Wrist shot by Ryan Nugent-Hopkins.
10:28 of 2nd period - Shot Misses the Net.
10:48 of 2nd period - Backhand shot by Yegor Sharangovich.
10:48 of 2nd period - Shot Blocked by Connor Clifton.
10:50 of 2nd period - Slapshot by Gustav Forsling.
10:50 of 2nd period - Deflect By Ryan Nugent-Hopkins.
10:50 of 2nd period - Stopped by Jacob Markstrom with a rebound.
11:19 of 2nd period - Snap shot by Vincent Trocheck.
11:19 of 2nd period - Shot Blocked by Yegor Sharangovich.
11:21 of 2nd period - Slapshot by Ryan Lindgren.
11:21 of 2nd period - Stopped by Stuart Skinner with a rebound.
11:47 of 2nd period - Wrist shot by Vincent Trocheck.
11:47 of 2nd period - Goal by Vincent Trocheck - Boston Bruins : 3 - Minnesota North Stars : 4.
11:48 of 2nd period - Evgeni Malkin wins face-off versus Ryan Strome in neutral zone.
12:44 of 2nd period - Snap shot by Eetu Luostarinen.
12:44 of 2nd period - Shot Misses the Net.
12:46 of 2nd period - Wrist shot by Joel Farabee.
12:46 of 2nd period - Shot Misses the Net.
13:04 of 2nd period - Snap shot by Evgeni Malkin.
13:04 of 2nd period - Deflect By Ryan Strome.
13:04 of 2nd period - Shot Blocked by Alex Vlasic.
13:04 of 2nd period - Puck is out of play.
13:05 of 2nd period - Jack Hughes wins face-off versus Morgan Geekie in Boston Bruins zone.
13:37 of 2nd period - Rasmus Dahlin is hit by Alex Newhook and loses puck.
14:18 of 2nd period - Snap shot by Jonathan Marchessault.
14:18 of 2nd period - Stopped by Stuart Skinner with a rebound.
14:20 of 2nd period - Snap shot by Andrew Copp.
14:20 of 2nd period - Shot Blocked by Justin Faulk.
14:22 of 2nd period - Slapshot by Cam York.
14:22 of 2nd period - Shot Blocked by Justin Faulk.
15:05 of 2nd period - Slapshot by Valeri Nichushkin.
15:05 of 2nd period - Stopped by Jacob Markstrom without a rebound.
15:06 of 2nd period - Vincent Trocheck wins face-off versus William Karlsson in Boston Bruins zone.
15:06 of 2nd period - Vincent Trocheck is hit by Dylan DeMelo.
15:13 of 2nd period - Minor Penalty to Connor Clifton for Interference.
15:14 of 2nd period - Evgeni Malkin wins face-off versus Alex Newhook in Boston Bruins zone.
15:17 of 2nd period - Slapshot by Valeri Nichushkin.
15:17 of 2nd period - Shot Misses the Net.
15:46 of 2nd period - Jonathan Marchessault is hit by Frank Vatrano and loses puck.
16:05 of 2nd period - Tyson Barrie is hit by Justin Faulk and loses puck.
16:36 of 2nd period - Jack Hughes is hit by Torey Krug and loses puck.
17:13 of 2nd period - Penalty to Connor Clifton is over, Connor Clifton is back on ice.
17:49 of 2nd period - Slapshot by Alex Newhook.
17:49 of 2nd period - Shot Misses the Net.
17:51 of 2nd period - Wrist shot by Ryan Strome.
17:51 of 2nd period - Stopped by Stuart Skinner with a rebound.
18:23 of 2nd period - Slapshot by Ryan Strome.
18:23 of 2nd period - Shot Misses the Net.
19:25 of 2nd period - Joel Farabee is hit by Brock Nelson and loses puck.
19:38 of 2nd period - Alex Newhook is hit by Viktor Arvidsson and loses puck.
19:48 of 2nd period - Icing by Viktor Arvidsson.
19:49 of 2nd period - Vincent Trocheck wins face-off versus Evan Rodrigues in Minnesota North Stars zone.
19:54 of 2nd period - Slapshot by Vincent Trocheck.
19:54 of 2nd period - Stopped by Stuart Skinner with a rebound.
19:56 of 2nd period - Slapshot by Vincent Trocheck.
19:56 of 2nd period - Shot Misses the Net.
Goals for this period are 1 for Boston Bruins vs 0 for Minnesota North Stars.
Shots for this period are 11 for Boston Bruins vs 4 for Minnesota North Stars.
3rd period
0:01 of 3rd period - Evgeni Malkin wins face-off versus Alex Newhook in neutral zone.
0:26 of 3rd period - Torey Krug is hit by Lawson Crouse.
1:02 of 3rd period - Slapshot by Vincent Trocheck.
1:02 of 3rd period - Shot Misses the Net.
1:42 of 3rd period - Snap shot by Ryan Strome.
1:42 of 3rd period - Deflect By Frank Vatrano.
1:42 of 3rd period - Stopped by Stuart Skinner with a rebound.
1:52 of 3rd period - Wrist shot by Jonathan Marchessault.
1:52 of 3rd period - Shot Misses the Net.
2:04 of 3rd period - Wrist shot by Brock Nelson.
2:04 of 3rd period - Shot Misses the Net.
2:06 of 3rd period - Wrist shot by Jack Hughes.
2:06 of 3rd period - Deflect By Jonathan Marchessault.
2:06 of 3rd period - Stopped by Jacob Markstrom with a rebound.
2:37 of 3rd period - William Eklund is hit by Morgan Geekie and loses puck.
2:56 of 3rd period - Dylan DeMelo is hit by Ryan Lindgren and loses puck.
3:13 of 3rd period - Wrist shot by Valeri Nichushkin.
3:13 of 3rd period - Deflect By Evgeni Malkin.
3:13 of 3rd period - Stopped by Jacob Markstrom without a rebound.
3:14 of 3rd period - Evgeni Malkin wins face-off versus Vincent Trocheck in Boston Bruins zone.
3:47 of 3rd period - Slapshot by Jack Hughes.
3:47 of 3rd period - Stopped by Jacob Markstrom without a rebound.
3:48 of 3rd period - Alex Newhook wins face-off versus Jack Hughes in Boston Bruins zone.
4:05 of 3rd period - Cam York is hit by Neal Pionk and loses puck.
5:23 of 3rd period - Snap shot by Alex Newhook.
5:23 of 3rd period - Stopped by Stuart Skinner with a rebound.
5:25 of 3rd period - Snap shot by Alex Newhook.
5:25 of 3rd period - Shot Misses the Net.
5:27 of 3rd period - Slapshot by Torey Krug.
5:27 of 3rd period - Stopped by Stuart Skinner with a rebound.
5:29 of 3rd period - Snap shot by Alex Newhook.
5:29 of 3rd period - Stopped by Stuart Skinner with a rebound.
5:31 of 3rd period - Slapshot by Cam York.
5:31 of 3rd period - Deflect By Ryan Strome.
5:31 of 3rd period - Goal by Ryan Strome - Boston Bruins : 4 - Minnesota North Stars : 4.
5:32 of 3rd period - Jack Hughes wins face-off versus Eetu Luostarinen in neutral zone.
5:48 of 3rd period - Slapshot by Brock Nelson.
5:48 of 3rd period - Stopped by Jacob Markstrom without a rebound.
5:49 of 3rd period - Vincent Trocheck wins face-off versus Evgeni Malkin in Boston Bruins zone.
6:02 of 3rd period - Snap shot by Evgeni Malkin.
6:02 of 3rd period - Stopped by Jacob Markstrom with a rebound.
6:04 of 3rd period - Snap shot by Evgeni Malkin.
6:04 of 3rd period - Shot Blocked by Alex Vlasic.
6:06 of 3rd period - Backhand shot by Matt Roy.
6:06 of 3rd period - Stopped by Jacob Markstrom without a rebound.
6:07 of 3rd period - Jack Hughes wins face-off versus Eetu Luostarinen in Boston Bruins zone.
7:07 of 3rd period - Slapshot by Ryan Nugent-Hopkins.
7:07 of 3rd period - Shot Blocked by Ryan Lindgren.
7:33 of 3rd period - Ryan Nugent-Hopkins is hit by Joel Farabee and loses puck.
7:47 of 3rd period - Icing by Ryan Lindgren.
7:48 of 3rd period - Evgeni Malkin wins face-off versus Eetu Luostarinen in Boston Bruins zone.
8:36 of 3rd period - Slapshot by Torey Krug.
8:36 of 3rd period - Shot Blocked by Rasmus Dahlin.
8:38 of 3rd period - Snap shot by Cam York.
8:38 of 3rd period - Stopped by Stuart Skinner with a rebound.
10:18 of 3rd period - Yegor Sharangovich is hit by Andrew Copp and loses puck.
10:40 of 3rd period - Torey Krug is hit by Evan Rodrigues.
10:44 of 3rd period - Torey Krug is hit by Justin Faulk and loses puck.
11:02 of 3rd period - Ryan Strome is hit by Lawson Crouse and loses puck.
11:09 of 3rd period - Snap shot by Jack Hughes.
11:09 of 3rd period - Stopped by Jacob Markstrom with a rebound.
11:25 of 3rd period - Wrist shot by Valeri Nichushkin.
11:25 of 3rd period - Shot Misses the Net.
11:43 of 3rd period - Snap shot by Ryan Strome.
11:43 of 3rd period - Stopped by Stuart Skinner with a rebound.
12:16 of 3rd period - Wrist shot by Brock Nelson.
12:16 of 3rd period - Deflect By Jack Hughes.
12:16 of 3rd period - Shot Blocked by Michael Rasmussen.
12:16 of 3rd period - Puck is out of play.
12:17 of 3rd period - Morgan Geekie wins face-off versus Evgeni Malkin in Boston Bruins zone.
13:28 of 3rd period - Slapshot by Rasmus Dahlin.
13:28 of 3rd period - Stopped by Jacob Markstrom with a rebound.
13:30 of 3rd period - Wrist shot by William Eklund.
13:30 of 3rd period - Shot Blocked by Alex Vlasic.
13:32 of 3rd period - Slapshot by Justin Faulk.
13:32 of 3rd period - Stopped by Jacob Markstrom without a rebound.
13:33 of 3rd period - Evgeni Malkin wins face-off versus Eetu Luostarinen in Boston Bruins zone.
14:00 of 3rd period - Andrew Copp is hit by Matt Roy and loses puck.
15:40 of 3rd period - Icing by Jonathan Marchessault.
15:41 of 3rd period - Alex Newhook wins face-off versus William Karlsson in Boston Bruins zone.
16:28 of 3rd period - Wrist shot by Ryan Nugent-Hopkins.
16:28 of 3rd period - Stopped by Jacob Markstrom with a rebound.
16:30 of 3rd period - Slapshot by Rasmus Dahlin.
16:30 of 3rd period - Shot Misses the Net.
16:32 of 3rd period - Snap shot by Ryan Nugent-Hopkins.
16:32 of 3rd period - Deflect By William Karlsson.
16:32 of 3rd period - Shot Misses the Net.
16:32 of 3rd period - Puck is out of play.
16:33 of 3rd period - William Eklund wins face-off versus Eetu Luostarinen in Boston Bruins zone.
16:48 of 3rd period - Wrist shot by William Eklund.
16:48 of 3rd period - Stopped by Jacob Markstrom without a rebound.
16:49 of 3rd period - Evgeni Malkin wins face-off versus Morgan Geekie in Boston Bruins zone.
16:56 of 3rd period - Snap shot by Valeri Nichushkin.
16:56 of 3rd period - Stopped by Jacob Markstrom with a rebound.
16:58 of 3rd period - Slapshot by Matt Roy.
16:58 of 3rd period - Stopped by Jacob Markstrom without a rebound.
16:59 of 3rd period - Frank Vatrano wins face-off versus Morgan Geekie in Boston Bruins zone.
17:02 of 3rd period - Wrist shot by Evgeni Malkin.
17:02 of 3rd period - Stopped by Jacob Markstrom with a rebound.
17:04 of 3rd period - Wrist shot by Frank Vatrano.
17:04 of 3rd period - Shot Misses the Net.
17:06 of 3rd period - Snap shot by Evgeni Malkin.
17:06 of 3rd period - Shot Misses the Net.
17:08 of 3rd period - Slapshot by Evgeni Malkin.
17:08 of 3rd period - Stopped by Jacob Markstrom without a rebound.
17:09 of 3rd period - William Karlsson wins face-off versus Eetu Luostarinen in Boston Bruins zone.
17:46 of 3rd period - Backhand shot by Cam York.
17:46 of 3rd period - Shot Blocked by William Eklund.
19:00 of 3rd period - Anders Lee is hit by Frank Vatrano and loses puck.
Goals for this period are 1 for Boston Bruins vs 0 for Minnesota North Stars.
Shots for this period are 7 for Boston Bruins vs 15 for Minnesota North Stars.
Overtime #1
0:01 of 1st overtime period - Vincent Trocheck wins face-off versus Jack Hughes in neutral zone.
0:04 of 1st overtime period - Slapshot by Torey Krug.
0:04 of 1st overtime period - Shot Misses the Net.
1:32 of 1st overtime period - Andrew Copp is hit by Rasmus Dahlin and loses puck.
2:26 of 1st overtime period - Joel Farabee is hit by Neal Pionk and loses puck.
3:53 of 1st overtime period - Connor Clifton is hit by Matt Roy and loses puck.
Goals for this period are 0 for Boston Bruins vs 0 for Minnesota North Stars.
Shots for this period are 0 for Boston Bruins vs 0 for Minnesota North Stars.
ShootOut
5:00 of 1st overtime period - Round #1.
5:00 of 1st overtime period - Boston Bruins, Vincent Trocheck.
5:00 of 1st overtime period - Wrist shot by Vincent Trocheck.
5:00 of 1st overtime period - Goal by Vincent Trocheck.
5:00 of 1st overtime period - Minnesota North Stars, Valeri Nichushkin.
5:00 of 1st overtime period - Wrist shot by Valeri Nichushkin.
5:00 of 1st overtime period - Goal by Valeri Nichushkin.
5:00 of 1st overtime period - Round #2.
5:00 of 1st overtime period - Boston Bruins, Jonathan Marchessault.
5:00 of 1st overtime period - Deke by Jonathan Marchessault.
5:00 of 1st overtime period - Goal by Jonathan Marchessault.
5:00 of 1st overtime period - Minnesota North Stars, Evgeni Malkin.
5:00 of 1st overtime period - Deke by Evgeni Malkin.
5:00 of 1st overtime period - Stopped by Jacob Markstrom.
5:00 of 1st overtime period - Round #3.
5:00 of 1st overtime period - Boston Bruins, Alex Newhook.
5:00 of 1st overtime period - Deke by Alex Newhook.
5:00 of 1st overtime period - Shot Misses the Net.
5:00 of 1st overtime period - Minnesota North Stars, William Karlsson.
5:00 of 1st overtime period - Snap shot by William Karlsson.
5:00 of 1st overtime period - Stopped by Jacob Markstrom.
Back to the Top